 Dungeon Crawl Stone Soup version 0.21.0 (webtiles) character file.

18428 MenacingMecha the Thaumaturge (level 12, -6/94 HPs)
             Began as a Gnoll Warper on Jan 7, 2018.
             Was a High Priest of Okawaru.
             Mangled by a white ugly thing (21 damage)
             ... in an ice cave.
             The game lasted 01:18:47 (18299 turns).

MenacingMecha the Thaumaturge (Gnoll Warper)       Turns: 18299, Time: 01:18:49

Health: -6/94      AC: 17    Str: 23    XL:     12   Next: 58%
Magic:  24/24      EV: 17    Int: 17    God:    Okawaru [*****.]
Gold:   188        SH:  6    Dex: 17    Spells: 6/28 levels left

rFire    + . .     SeeInvis .   h - +3 hand axe (flame)
rCold    . . .     Gourm    .   D - +0 buckler
rNeg     . . .     Faith    .   w - +4 ring mail {rF+}
rPois    +         Spirit   .   (no helmet)
rElec    .         Reflect  .   (no cloak)
rCorr    .         Harm     .   C - +2 pair of gloves
MR       .....                  B - +0 pair of boots {Fly}
Stlth    +++.......             a - amulet of regeneration
HPRegen  0.65/turn              N - ring of poison resistance
MPRegen  0.19/turn              o - +3 ring of strength

@: mighty, flying
A: distributed training, fangs 1, hooves 1, iridescent scales 1, strong nose
a: Heroism, Finesse, Renounce Religion, Stop Flying


You were in an ice cave.
You worshipped Okawaru.
Okawaru was extremely pleased with you.
You were not hungry.

You visited 3 branches of the dungeon, and saw 17 of its levels.
You also visited: Ossuary and Ice Cave.

You collected 1192 gold pieces.
You spent 1004 gold pieces at shops.

Inventory:

Hand Weapons
 h - a +3 hand axe of flaming (weapon)
 S - a +2 shortbow of velocity
 W - the +5 short sword of the Valley of Death {pierce, rN+}
   (You found it on level 1 of the Lair of Beasts)

   It inflicts extra damage upon your enemies.
   It protects you from negative energy.
Missiles
 e - 6 tomahawks of dispersal
 m - 3 exploding tomahawks
 r - 2 tomahawks (quivered)
 H - 2 javelins
Armour
 k - the +0 Maxwell's etheric cage {RegenMP+ *Contam rElec MP+4}
   (You found it on level 4 of the Dungeon)

   It insulates you from electricity.
   It affects your magic capacity (+4).
   It causes magical contamination when unequipped.
 w - a +4 ring mail of fire resistance (worn)
 B - a +0 pair of boots of flying (worn)
 C - a +2 pair of gloves (worn)
 D - a +0 buckler (worn)
Jewellery
 a - an amulet of regeneration (around neck)
 o - a +3 ring of strength (right hand)
 u - a +1 ring of evasion
 y - an uncursed amulet of magic regeneration
 N - a ring of poison resistance (left hand)
Wands
 g - a wand of paralysis (17)
 i - a wand of polymorph (20)
 l - a wand of enslavement (27)
 q - a wand of scattershot (5)
 Z - a wand of flame (20)
Scrolls
 d - 2 scrolls of blinking
 j - 6 scrolls of teleportation
 p - 5 scrolls of remove curse
 s - 9 scrolls of identify
 F - 2 scrolls of fear
Potions
 b - 4 potions of heal wounds
 n - 2 potions of cancellation
 t - 3 potions of magic
 v - 2 potions of ambrosia
 x - a potion of resistance
 z - a potion of agility
 I - 3 potions of curing
Comestibles
 f - 22 rations
 K - 4 chunks of flesh


   Skills:
 + Level 8.7 Fighting
 + Level 7.3 Short Blades
 + Level 7.3 Long Blades
 + Level 7.3 Axes
 + Level 7.3 Maces & Flails
 + Level 8.7 Polearms
 + Level 7.3 Staves
 + Level 7.3 Slings
 + Level 7.3 Bows
 + Level 7.3 Crossbows
 + Level 7.8 Throwing
 + Level 7.8 Armour
 + Level 8.7 Dodging
 + Level 7.3 Stealth
 + Level 7.3 Shields
 + Level 7.3 Unarmed Combat
 + Level 8.9 Spellcasting
 + Level 6.0 Conjurations
 + Level 6.0 Hexes
 + Level 6.0 Charms
 + Level 6.0 Summonings
 + Level 6.0 Necromancy
 + Level 8.2 Translocations
 + Level 6.0 Transmutations
 + Level 6.0 Fire Magic
 + Level 6.0 Ice Magic
 + Level 6.0 Air Magic
 + Level 6.0 Earth Magic
 + Level 6.0 Poison Magic
 + Level 8.0 Invocations
 + Level 7.3 Evocations


You had 6 spell levels left.
You knew the following spells:

 Your Spells              Type           Power        Failure   Level  Hunger
a - Blink                 Tloc           N/A          1%          2    None
b - Shroud of Golubria    Chrm/Tloc      ####......   1%          2    None
c - Gell's Gravitas       Tloc           #####.....   1%          3    None
d - Teleport Other        Tloc           #####...     1%          3    None
e - Passage of Golubria   Tloc           N/A          4%          4    ###....
f - Lesser Beckoning      Tloc           #####.....   1%          3    None
g - Tukima's Dance        Hex            ####....     3%          3    None
h - Swiftness             Chrm/Air       ####....     1%          2    None


Dungeon Overview and Level Annotations

Branches:
Dungeon (10/15)            Temple (1/1) D:6            Lair (6/6) D:9
  Swamp (0/4) Lair:3       Spider (0/4) Lair:2        Slime (0/5) Lair:6
    Orc: D:9-12

Altars:
Ashenzari
Cheibriados
Dithmenos
Elyvilon
Fedhas
Gozag
Hepliaklqana
Kikubaaqudgha
Makhleb
Nemelex Xobeh
Okawaru
Qazlal
Ru
Sif Muna
Trog
Uskayaw
Vehumet
Wu Jian
Xom
Yredelemnul
Zin
The Shining One

Shops:
D:4 ?*[=   D:5 [   D:6 ?=??

Portals:
Trove: D:10 (give +3 gold dragon scales)

Annotations:
Lair:2 2 transporters, exclusion: hydra
Lair:3 exclusion: hydra


Innate Abilities, Weirdness & Mutations

Your experience applies equally to all skills.
You have very sharp teeth.
Your uncanny sense of smell can sniff out nearby items.
You have large cloven feet.
You are partially covered in iridescent scales. (AC +2)


Message History

The ice beast closely misses you.
You barely miss the white ugly thing.
The white ugly thing is heavily wounded.
You slash the ice beast!
You melt the ice beast.
You kill the ice beast!
Okawaru accepts your kill.
You slash the ice beast!
You melt the ice beast.
You kill the ice beast!
Okawaru accepts your kill.
The white ugly thing claws you but does no damage.
You slash the white ugly thing! You burn the white ugly thing.
The white ugly thing is almost dead.
The white ugly thing claws you. The white ugly thing freezes you!
* * * LOW HITPOINT WARNING * * *
You closely miss the white ugly thing.
The white ugly thing is almost dead.
The white ugly thing claws you.
* * * LOW HITPOINT WARNING * * *
The white ugly thing freezes you!!
You die...

####
####...##
##........
##.........
##..........
#.......8..$
#.........(.
#.∩.@u...!.[
#.........?.
#.......8..%
##..........
##.........
##........
####...##
####


You could see a white ugly thing.

Vanquished Creatures
  A necromancer (Lair:3)
  A black mamba (Lair:5)
  Joseph (D:7)
  7 spiny frogs
  2 komodo dragons
  4 rime drakes
  2 trolls (D:9)
  Grinder (D:6)
  2 jumping spiders (Lair:2)
  A hornet (D:7)
  8 blink frogs
  2 hippogriffs (Lair:4)
  12 yaks
  A wraith (Ossuary)
  2 wyverns
  2 basilisks
  Menkaure (D:9)
  A swamp worm (Lair:3)
  2 hell hounds (D:9)
  7 water moccasins
  8 porcupines
  6 ice beasts (IceCv)
  2 orc warriors
  4 ogres
  2 sky beasts
  2 phantoms
  3 centaurs
  2 elephant zombies (Lair:3)
  12 crocodiles
  A big kobold (D:7)
  10 bullfrogs
  5 scorpions
  15 killer bees (D:8)
  7 wights
  5 crimson imps
  2 bullfrog zombies
  A human zombie (Ossuary)
  4 hounds
  5 orc wizards
  7 orc priests
  2 basilisk zombies (Lair:3)
  3 bullfrog skeletons
  2 iguanas
  15 worker ants
  A hound zombie (D:8)
  2 hound skeletons (D:5)
  3 mummies (Ossuary)
  A worker ant zombie (D:8)
  5 gnolls
  13 adders
  A howler monkey skeleton (D:5)
  A shadow imp (D:5)
  12 white imps
  An ooze (D:1)
  3 adder skeletons (D:8)
  An adder zombie (D:8)
  A worm (D:2)
  3 dart slugs (D:1)
  8 leopard geckos
  21 orcs
  11 goblins
  6 hobgoblins
  16 jackals
  13 kobolds
  3 quokkas
  A ball python (D:3)
  A ball python skeleton (D:3)
  9 bats
  3 frilled lizards
  A goblin zombie (Ossuary)
  3 hobgoblin zombies (Ossuary)
  A jackal skeleton (D:8)
  5 kobold zombies (Ossuary)
  2 quokka zombies
  8 rats
  A fungus (Lair:2)
  2 plants (Lair:2)
348 creatures vanquished.

Vanquished Creatures (others)
  2 yaks (Lair:6)
  A crocodile (Lair:6)
  A fire vortex (Lair:2)
  12 fungi
  8 plants
24 creatures vanquished.

Grand Total: 372 creatures vanquished

Notes
Turn   | Place    | Note
-------+----------+-------------------------------------------
     0 | D:1      | MenacingMecha the Gnoll Warper began the quest for the Orb.
     0 | D:1      | Reached XP level 1. HP: 20/20 MP: 6/6
   345 | D:1      | Reached XP level 2. HP: 25/26 MP: 7/7
   365 | D:1      | Learned a level 2 spell: Blink
   387 | D:1      | Learned a level 2 spell: Shroud of Golubria
   651 | D:1      | Reached XP level 3. HP: 30/31 MP: 9/9
   665 | D:1      | Reached skill level 5 in Spellcasting
   932 | D:1      | Reached skill level 1 in Invocations
  1214 | D:1      | Learned a level 3 spell: Gell's Gravitas
  1218 | D:1      | Learned a level 3 spell: Teleport Other
  1265 | D:2      | Reached skill level 1 in Short Blades
  1265 | D:2      | Reached skill level 1 in Long Blades
  1265 | D:2      | Reached skill level 1 in Axes
  1265 | D:2      | Reached skill level 1 in Maces & Flails
  1265 | D:2      | Reached skill level 1 in Staves
  1265 | D:2      | Reached skill level 1 in Slings
  1265 | D:2      | Reached skill level 1 in Bows
  1265 | D:2      | Reached skill level 1 in Crossbows
  1265 | D:2      | Reached skill level 1 in Stealth
  1265 | D:2      | Reached skill level 1 in Shields
  1265 | D:2      | Reached skill level 1 in Unarmed Combat
  1265 | D:2      | Reached skill level 1 in Evocations
  1374 | D:2      | Reached XP level 4. HP: 34/38 MP: 11/11
  2080 | D:3      | Reached skill level 1 in Conjurations
  2080 | D:3      | Reached skill level 1 in Hexes
  2080 | D:3      | Reached skill level 1 in Charms
  2080 | D:3      | Reached skill level 1 in Summonings
  2080 | D:3      | Reached skill level 1 in Necromancy
  2080 | D:3      | Reached skill level 1 in Transmutations
  2080 | D:3      | Reached skill level 1 in Fire Magic
  2080 | D:3      | Reached skill level 1 in Ice Magic
  2080 | D:3      | Reached skill level 1 in Air Magic
  2080 | D:3      | Reached skill level 1 in Earth Magic
  2080 | D:3      | Reached skill level 1 in Poison Magic
  2265 | D:3      | Gained mutation: You have large cloven feet. [potion of mutation]
  2265 | D:3      | Gained mutation: You are partially covered in iridescent scales. (AC +2) [potion of mutation]
  2354 | D:3      | Reached XP level 5. HP: 39/43 MP: 12/12
  2387 | D:3      | Found an ancient bone altar of Kikubaaqudgha.
  2759 | D:4      | Found Dicuq's Assorted Antiques.
  2774 | D:3      | Reached XP level 6. HP: 44/50 MP: 13/13
  2810 | D:4      | Reached skill level 5 in Fighting
  2810 | D:4      | Reached skill level 5 in Polearms
  2810 | D:4      | Reached skill level 5 in Dodging
  3192 | D:4      | Found Oluank's Armour Boutique.
  3202 | D:4      | Reached XP level 7. HP: 56/56 MP: 15/15
  3419 | D:4      | Found Gyxuwets's Magic Scroll Shoppe.
  3442 | D:4      | Learned a level 4 spell: Passage of Golubria
  3446 | D:4      | Learned a level 3 spell: Lesser Beckoning
  3511 | D:4      | Found the +0 Maxwell's etheric cage {RegenMP+ *Contam rElec MP+4}
  4061 | D:4      | Found Keliub's Jewellery Shoppe.
  4066 | D:4      | Bought a +1 ring of evasion for 30 gold pieces
  4216 | D:5      | Entered Level 5 of the Dungeon
  4506 | D:5      | Reached XP level 8. HP: 27/63 MP: 16/16
  4775 | D:5      | Found a glowing silver altar of Zin.
  5140 | D:5      | Noticed a wyvern
  5206 | D:6      | Found a staircase to the Ecumenical Temple.
  5214 | Temple   | Entered the Ecumenical Temple
  5458 | Temple   | Became a worshipper of Warmaster Okawaru
  5541 | D:6      | Found an iron altar of Okawaru.
  5659 | D:6      | Noticed Grinder
  5711 | D:5      | Found Negh's Antique Armour Shop.
  6071 | D:6      | Found Wadug's Magic Scroll Shop.
  6089 | D:6      | Found Byquv's Magic Scroll Emporium.
  6191 | D:6      | Found a white marble altar of Elyvilon.
  6197 | D:6      | Found Naihibom's Jewellery Emporium.
  6335 | D:6      | Found Kosowikh's Magic Scroll Shop.
  6383 | D:6      | Found a glowing golden altar of the Shining One.
  6656 | D:6      | Killed Grinder
  7140 | D:7      | Reached * piety under Okawaru
  7156 | D:7      | Reached XP level 9. HP: 54/69 MP: 18/18
  7398 | D:7      | Noticed a hornet
  7406 | D:7      | Killed a hornet
  7539 | D:7      | Reached ** piety under Okawaru
  7699 | D:7      | Found a bloodstained altar of Trog.
  7708 | D:7      | Reached skill level 5 in Throwing
  7708 | D:7      | Reached skill level 5 in Armour
  7911 | D:7      | Noticed Joseph
  7937 | D:7      | Killed Joseph
  7937 | D:7      | Reached skill level 5 in Invocations
  8096 | D:7      | Reached *** piety under Okawaru
  8363 | D:8      | Found a radiant altar of Vehumet.
  8424 | D:8      | Reached XP level 10. HP: 12/77 MP: 20/20
  8628 | D:8      | Found a sand-covered staircase.
  8665 | Ossuary  | Entered an ossuary
  9385 | D:8      | Reached skill level 5 in Short Blades
  9385 | D:8      | Reached skill level 5 in Long Blades
  9385 | D:8      | Reached skill level 5 in Axes
  9385 | D:8      | Reached skill level 5 in Maces & Flails
  9385 | D:8      | Reached skill level 5 in Staves
  9385 | D:8      | Reached skill level 5 in Slings
  9385 | D:8      | Reached skill level 5 in Bows
  9385 | D:8      | Reached skill level 5 in Crossbows
  9385 | D:8      | Reached skill level 5 in Stealth
  9385 | D:8      | Reached skill level 5 in Shields
  9385 | D:8      | Reached skill level 5 in Unarmed Combat
  9385 | D:8      | Reached skill level 5 in Evocations
  9516 | D:6      | Bought an uncursed ring of poison resistance for 240 gold pieces
 10569 | D:9      | Reached **** piety under Okawaru
 10710 | D:9      | Noticed Menkaure
 11323 | D:9      | Killed Menkaure
 11443 | D:9      | Found a staircase to the Lair.
 11650 | Lair:1   | Entered Level 1 of the Lair of Beasts
 11658 | D:9      | Received a gift from Okawaru
 11716 | Lair:1   | Got an ichor-stained short sword
 11717 | Lair:1   | Identified the +5 short sword of the Valley of Death {pierce, rN+} (You found it on level 1 of the Lair of Beasts)
 11825 | Lair:1   | Learned a level 3 spell: Tukima's Dance
 11853 | Lair:1   | Reached XP level 11. HP: 29/84 MP: 22/22
 12003 | Lair:1   | Received a gift from Okawaru
 12139 | Lair:1   | Learned a level 2 spell: Swiftness
 12242 | Lair:2   | Found a hole to the Spider Nest.
 12494 | Lair:2   | Found a transporter.
 12529 | Lair:2   | Reached ***** piety under Okawaru
 12529 | Lair:2   | Reached skill level 5 in Conjurations
 12529 | Lair:2   | Reached skill level 5 in Hexes
 12529 | Lair:2   | Reached skill level 5 in Charms
 12529 | Lair:2   | Reached skill level 5 in Summonings
 12529 | Lair:2   | Reached skill level 5 in Necromancy
 12529 | Lair:2   | Reached skill level 5 in Transmutations
 12529 | Lair:2   | Reached skill level 5 in Fire Magic
 12529 | Lair:2   | Reached skill level 5 in Ice Magic
 12529 | Lair:2   | Reached skill level 5 in Air Magic
 12529 | Lair:2   | Reached skill level 5 in Earth Magic
 12529 | Lair:2   | Reached skill level 5 in Poison Magic
 12663 | Lair:2   | Received a gift from Okawaru
 12908 | Lair:2   | Found a transporter.
 12941 | Lair:2   | Received a gift from Okawaru
 13085 | Lair:2   | Identified a scroll of acquirement
 13233 | Lair:2   | Noticed a seven-headed hydra
 13885 | Lair:3   | Found a staircase to the Swamp.
 14261 | Lair:3   | Noticed a necromancer
 14278 | Lair:3   | Killed a necromancer
 14438 | Lair:3   | Noticed a four-headed hydra
 14703 | D:4      | Bought a +4 ring mail of fire resistance for 434 gold pieces
 14933 | D:10     | Entered Level 10 of the Dungeon
 15352 | D:10     | Found a portal to a secret trove of treasure.
 15461 | D:5      | Bought a pair of runed boots for 150 gold pieces
 15476 | D:5      | Bought a pair of glowing gloves for 150 gold pieces
 15954 | Lair:4   | Reached XP level 12. HP: 66/93 MP: 24/24
 17995 | Lair:6   | Entered Level 6 of the Lair of Beasts
 18098 | Lair:5   | Received a gift from Okawaru
 18186 | Lair:6   | Found a frozen archway.
 18283 | IceCv    | Entered an ice cave
 18299 | IceCv    | Mangled by a white ugly thing

Skill      XL: |  1  2  3  4  5  6  7  8  9 10 11 12 |
---------------+-------------------------------------+-----
Spellcasting   | 5 6 7 8 |  8.9
Invocations    | 1 2 3 4 5 6 7 8 |  8.0
Short Blades   | 1 2 3 4 5 6 7 |  7.3
Long Blades    | 1 2 3 4 5 6 7 |  7.3
Axes           | 1 2 3 4 5 6 7 |  7.3
Maces & Flails | 1 2 3 4 5 6 7 |  7.3
Staves         | 1 2 3 4 5 6 7 |  7.3
Slings         | 1 2 3 4 5 6 7 |  7.3
Bows           | 1 2 3 4 5 6 7 |  7.3
Crossbows      | 1 2 3 4 5 6 7 |  7.3
Stealth        | 1 2 3 4 5 6 7 |  7.3
Shields        | 1 2 3 4 5 6 7 |  7.3
Unarmed Combat | 1 2 3 4 5 6 7 |  7.3
Evocations     | 1 2 3 4 5 6 7 |  7.3
Conjurations   | 1 2 3 4 5 6 |  6.0
Hexes          | 1 2 3 4 5 6 |  6.0
Charms         | 1 2 3 4 5 6 |  6.0
Summonings     | 1 2 3 4 5 6 |  6.0
Necromancy     | 1 2 3 4 5 6 |  6.0
Transmutations | 1 2 3 4 5 6 |  6.0
Fire Magic     | 1 2 3 4 5 6 |  6.0
Ice Magic      | 1 2 3 4 5 6 |  6.0
Air Magic      | 1 2 3 4 5 6 |  6.0
Earth Magic    | 1 2 3 4 5 6 |  6.0
Poison Magic   | 1 2 3 4 5 6 |  6.0
Throwing       | 3 4 5 6 7 |  7.8
Armour         | 3 4 5 6 7 |  7.8
Fighting       | 5 6 7 8 |  8.7
Polearms       | 5 6 7 8 |  8.7
Dodging        | 5 6 7 8 |  8.7
Translocations | 6 7 8 |  8.2

Action                   |  1- 3 |  4- 6 |  7- 9 | 10-12 || total
-------------------------+-------+-------+-------+-------++-------
Melee: Spear             |   103 |    89 |       |       ||   192
       Bite              |     7 |    16 |    47 |   175 ||   245
       Hand axe          |       |   109 |   433 |   342 ||   884
       Kick              |       |    29 |   127 |   269 ||   425
       Short sword       |       |       |       |   706 ||   706
       Whip              |       |       |       |    22 ||    22
Throw: Tomahawk          |       |       |     6 |    16 ||    22
       Javelin           |       |       |       |     3 ||     3
 Cast: Shroud of Golubri |       |     4 |       |       ||     4
       Lesser Beckoning  |       |       |     2 |    15 ||    17
       Teleport Other    |       |       |     1 |       ||     1
       Blink             |       |       |       |     6 ||     6
Invok: Heroism           |       |       |     1 |     4 ||     5
  Use: Potion            |       |     7 |     5 |     7 ||    19
       Scroll            |       |     4 |     6 |    11 ||    21
 Stab: Sleeping          |     3 |     2 |     6 |     8 ||    19
       Distracted        |       |     1 |       |     3 ||     4
  Eat: Chunk             |     1 |     7 |    13 |    23 ||    44
       Ration            |       |       |     1 |     3 ||     4
Armor: Ring mail         |     4 |       |       |   130 ||   134
       Leather armour    |    13 |    42 |    72 |     7 ||   134
       Troll leather arm |       |       |       |    63 ||    63
Dodge: Dodged            |    67 |   150 |   321 |   683 ||  1221
Block: Buckler           |       |       |    66 |   267 ||   333
